 Dungeon Crawl Stone Soup version 0.29.1-15-g9cfb28693d (webtiles) character file.

Game seed: 231000219930260977

11 DemonSlayer the Digger (level 2, -1/19 HPs)
             Began as a Demonspawn Earth Elementalist on Feb 25, 2023.
             Slain by a worm (2 damage)
             ... on level 2 of the Dungeon.
             The game lasted 00:01:07 (667 turns).

DemonSlayer the Digger (DsEE)                        Turns: 667, Time: 00:01:08

Health: -1/19      AC:  2    Str:  8    XL:     2   Next: 13%
Magic:  3/5        EV: 12    Int: 16    God:
Gold:   68         SH:  0    Dex: 13    Spells: 4/5 levels left

rFire   . . .      SeeInvis .   i - +0 dagger (elec)
rCold   . . .      Faith    .   (no shield)
rNeg    . . .      Spirit   .   a - +0 robe
rPois   .          Reflect  .   (no helmet)
rElec   .          Harm     .   (no cloak)
rCorr   .          Rampage  .   (no gloves)
Will    .....                   (no boots)
Stlth   ++........              (no amulet)
HPRegen 0.06/turn               (no ring)
MPRegen 0.09/turn               (no ring)

@: slowed, very slow
A: claws 1
a: no special abilities


You were on level 2 of the Dungeon.
You visited 1 branch of the dungeon, and saw 2 of its levels.

You collected 68 gold pieces.

Inventory:

Hand Weapons
 i - a +0 dagger of electrocution (weapon)
Armour
 a - a +0 robe (worn)
Scrolls
 c - a scroll of magic mapping {unknown}
 f - a scroll of enchant weapon {unknown}
Potions
 b - a potion of magic
 e - a potion of flight {unknown}
 g - a potion of mutation {unknown}
 h - a potion of degeneration {unknown}


   Skills:
 + Level 1.8 Dodging
 + Level 1.9 Stealth
 + Level 2.3 Spellcasting
 + Level 0.8 Transmutations
 + Level 2.9 Earth Magic


You had 4 spell levels left.
You knew the following spells:

 Your Spells              Type           Power      Damage    Failure   Level
a - Sandblast             Erth           22%        2d7       6%          1

Your spell library contained the following spells:

 Spells                   Type           Power      Damage    Failure   Level
 Passwall                 Tmut/Erth      5%         N/A       14%         2
 Stone Arrow              Conj/Erth      12%        3d7       32%         3
 Petrify                  Tmut/Erth      7%         N/A       67%         4


Dungeon Overview and Level Annotations

Branches:
Dungeon (2/15)

Altars:

Annotations:
D:2 Natasha


Innate Abilities, Weirdness & Mutations

You have sharp fingernails.


Message History

You open the large door.
A ball python comes into view.
A ball python is nearby!
A ball python is nearby!
A ball python is nearby!
You open the large door.
There is a large open door here.
There is a large open door here.
There is a shaft here.
There is a shaft here.
You fall into a shaft and drop 1 floor!
The shaft crumbles and collapses.
Found a scroll labelled VABOBISYAMP and a bubbling silvery potion.
There is a stone staircase leading down here.
Natasha and a worm come into view.
There are monsters nearby!
There are monsters nearby!
There are monsters nearby!
Natasha hisses angrily.
Found a sling.
A giant cockroach comes into view.
Natasha casts a spell at you. The magic dart hits you!
The blast of sand misses Natasha.
Natasha closely misses you.
You closely miss Natasha. The worm barely misses you.
Natasha completely misses you.
The blast of sand misses Natasha.
Natasha casts a spell at you.
You feel yourself slow down. The giant cockroach bites you.
The worm misses you. Natasha claws you!
* * * LOW HITPOINT WARNING * * *
You are too injured to fight recklessly!
You are too injured to fight recklessly!
You are too injured to fight recklessly!
You are too injured to fight recklessly!
You hit Natasha but do no damage. The giant cockroach bites you.
* * * LOW HITPOINT WARNING * * *
The giant cockroach bites you but does no damage.
Natasha misses you. The worm bites you.
You die...

#.# #.# #.#
##.#
######.>#
##......##
#........##
......^...#
....?..@?.#
......whB.#
...!......#
$.........#
.........##
..........
.........)
..........#


You could see a worm, Natasha and a giant cockroach.

Vanquished Creatures
  A dart slug (D:1)
  A bat (D:1)
  An endoplasm (D:1)
  A goblin (D:1)
  A hobgoblin (D:1)
  2 ball pythons (D:1)
  2 rats (D:1)
9 creatures vanquished.

Notes
Turn   | Place    | Note
-------+----------+-------------------------------------------
     0 | D:1      | DemonSlayer the Demonspawn Earth Elementalist began the
                  | quest for the Orb.
     0 | D:1      | Reached XP level 1. HP: 13/13 MP: 3/3
   361 | D:1      | Gained mutation: You have sharp fingernails. [demonic
                  | ancestry]
   361 | D:1      | Reached XP level 2. HP: 19/19 MP: 1/5
   658 | D:1      | You fall into a shaft and drop 1 floor!
   660 | D:2      | Noticed Natasha
   667 | D:2      | Slain by a worm

Illustrated notes

Levels and vault maps discovered:
D:1:      minmay_arrival_semitransparent, layout_loops_ring,
          shapermc_ecumenical_altar_mp_urbaneastern, nrook_loot_triangle,
          grunt_decor_arrowhead, kennysheep_decorative_pillar, grunt_decor_cap
D:2:      layout_rooms, st_stairs_9, uniq_natasha

Action                   || total
-------------------------++-------
Melee: Short sword       ||    11
       Dagger            ||     2
 Cast: Sandblast         ||     9
 Stab: Sleeping          ||     1
Armor: Robe              ||     1
Dodge: Dodged            ||    19
